 Dungeon Crawl Stone Soup version 0.19.1 (webtiles) character file.

8820 JeffiDaFish the Fighter (level 11, -2/72 HPs)
             Began as a Gargoyle Fighter on Nov 27, 2016.
             Was a Follower of Makhleb.
             Splashed by a brown ugly thing's acid (9 damage)
             ... on level 11 of the Dungeon.
             The game lasted 00:27:53 (9106 turns).

JeffiDaFish the Fighter (Gargoyle Fighter)          Turns: 9106, Time: 00:27:54

Health: -2/72      AC: 23    Str: 22    XL:     11   Next: 36%
Magic:  14/14      EV:  7    Int:  8    God:    Makhleb [*.....]
Gold:   255        SH: 13    Dex: 11    Spells: 0 memorised, 10 levels left

rFire  . . .     SeeInvis .     d - +5 mace
rCold  . . .     Gourm    .     u - +0 chain mail
rNeg   + + .     Faith    .     b - +2 shield {AC+3}
rPois  ∞         Spirit   .     o - +0 helmet
rElec  +         Reflect  .     (no cloak)
rCorr  .         Harm     .     (no gloves)
MR     .....                    (no boots)
Stlth  ..........               p - amulet of rage
                                q - +1 ring of slaying
                                A - ring of positive energy

@: no status effects
A: negative energy resistance 1, electricity resistance, unbreathing,
petrification resistance, rot immunity, AC +7
a: Renounce Religion, Evoke Berserk Rage


You were on level 11 of the Dungeon.
You worshipped Makhleb.
Makhleb was aware of your devotion.
You were not hungry.

You visited 2 branches of the dungeon, and saw 12 of its levels.

You collected 469 gold pieces.
You spent 214 gold pieces at shops.

Inventory:

Hand Weapons
 d - a +5 mace (weapon)
 t - a +0 morningstar
Armour
 b - a +2 shield of protection (worn)
 o - a +0 helmet (worn)
 u - a +0 chain mail (worn)
Rods
 v - a +0 rod of inaccuracy (13/13)
   (You found it on level 9 of the Dungeon)
Jewellery
 p - an amulet of rage (around neck)
 q - a +1 ring of slaying (right hand)
 A - a ring of positive energy (left hand)
Wands
 y - a wand of digging (8/24)
Scrolls
 e - 5 scrolls of teleportation
 i - 3 scrolls of remove curse
 l - 3 scrolls of magic mapping
 s - 2 scrolls of recharging
 x - 4 scrolls of identify
Potions
 a - 2 potions of cancellation
 g - 2 potions of might
 m - a potion of haste
 n - 5 potions of curing
 z - a potion of berserk rage
 B - a potion of brilliance
Books
 w - a book of Transfigurations

   Spells                             Type                      Level
   a - Irradiate                      Conjuration/Transmutation    5
   b - Statue Form                    Transmutation/Earth          6
   c - Hydra Form                     Transmutation                6
   d - Dragon Form                    Transmutation                7
Comestibles
 c - 2 beef jerkies
 f - 6 bread rations
 h - 4 meat rations
 j - 5 chunks of flesh
 k - 11 slices of pizza
 r - 2 royal jellies


   Skills:
 * Level 9.6 Fighting
 * Level 9.2 Maces & Flails
 * Level 9.3 Armour
 - Level 1.6 Dodging
 * Level 9.2 Shields
 + Level 4.5 Evocations


You had 10 spell levels left.
You didn't know any spells.

Dungeon Overview and Level Annotations

Branches:
Dungeon (11/15)            Temple (1/1) D:7            Lair (0/6) D:10
    Orc: D:9-12

Altars:
Ashenzari
Cheibriados
Dithmenos
Elyvilon
Fedhas
Gozag
Hepliaklqana
Kikubaaqudgha
Makhleb
Nemelex Xobeh
Okawaru
Qazlal
Ru
Sif Muna
Trog
Uskayaw
Vehumet
Xom
Yredelemnul
Zin
The Shining One
Lugonu

Shops:
D:6 [   D:8 }   D:10 :


Innate Abilities, Weirdness & Mutations

You are resistant to torment.
Your stone body is resilient. (AC +7)
You are immune to poison.
You resist negative energy. (rN+)
You are resistant to electric shocks. (rElec)
You can survive without breathing.
You are immune to petrification.
You are immune to rotting.


Message History

The blast of calcifying dust hits you!
You sock the catoblepas!
The catoblepas is almost dead.
The catoblepas gores you!
* * * LOW HITPOINT WARNING * * *
You thump the catoblepas!
You kill the catoblepas!
Makhleb accepts your kill.
You sock the brown ugly thing!
The brown ugly thing is lightly wounded.
The brown ugly thing gores you.
* * * LOW HITPOINT WARNING * * *
You are splashed with acid!
The acid burns!
* * * LOW HITPOINT WARNING * * *
You hit the brown ugly thing.
The brown ugly thing is moderately wounded.
The brown ugly thing gores you.
* * * LOW HITPOINT WARNING * * *
You are splashed with acid!
The acid burns!
You die...

##.#####.#.#
#..........#
#....(<....#
#.........####
#...........
#..<.###### #
#....#
#.###.####
#u@..# #y#####
#


You could see a brown ugly thing and a killer bee.

Vanquished Creatures
  A catoblepas (D:11)
  An unseen horror (D:10)
  Pikel (D:8)
  A troll (D:7)
  A hippogriff (D:7)
  A spriggan (D:8)
  A wyvern (D:10)
  2 basilisks (D:10)
  Grum (D:8)
  A hungry ghost (D:8)
  Duvessa (D:7)
  5 porcupines (D:10)
  2 black bears (D:8)
  2 sky beasts
  An ice beast (D:5)
  2 slaves (D:8)
  2 necrophages
  4 wolves (D:8)
  5 centaurs
  4 ogres
  3 phantoms
  4 crocodiles
  A big kobold (D:9)
  5 bullfrogs
  A water moccasin zombie (D:8)
  Dowan (D:7)
  4 scorpions
  4 wights
  2 howler monkeys
  2 crimson imps
  4 jellies
  2 quasits
  A bullfrog zombie (D:10)
  7 hounds
  5 orc priests
  3 centaur skeletons
  15 iguanas
  10 orc wizards
  7 worker ants
  Terence (D:3)
  A hound skeleton (D:6)
  A howler monkey zombie (D:10)
  A worker ant zombie (D:5)
  8 gnolls
  10 adders
  A howler monkey skeleton (D:4)
  4 river rats (D:10)
  2 shadow imps (D:5)
  2 oozes
  2 adder skeletons
  A worm (D:3)
  A dart slug (D:4)
  A leopard gecko (D:6)
  42 orcs
  A ball python (D:3)
  4 bats
  7 giant cockroaches
  7 goblins
  11 hobgoblins
  5 jackals
  2 frilled lizards
  15 kobolds
  5 rats
255 creatures vanquished.

Vanquished Creatures (others)
  2 fungi (D:10)
  4 plants (D:10)
6 creatures vanquished.

Grand Total: 261 creatures vanquished

Notes
Turn   | Place    | Note
-------+----------+-------------------------------------------
     0 | D:1      | JeffiDaFish the Gargoyle Fighter began the quest for the Orb.
     0 | D:1      | Reached XP level 1. HP: 14/14 MP: 1/1
   225 | D:1      | Reached XP level 2. HP: 17/19 MP: 2/2
   607 | D:1      | Reached XP level 3. HP: 22/23 MP: 3/3
   691 | D:2      | Found a faded altar of an unknown god.
   885 | D:2      | Reached XP level 4. HP: 28/28 MP: 4/4
  1066 | D:2      | Found a sparkling altar of Nemelex Xobeh.
  1068 | D:2      | Found an opulent altar of Gozag.
  1342 | D:3      | Noticed Terence
  1354 | D:3      | Killed Terence
  1354 | D:3      | Reached skill level 1 in Dodging
  1402 | D:3      | Reached XP level 5. HP: 33/33 MP: 5/5
  1799 | D:3      | Found a white marble altar of Elyvilon.
  2498 | D:3      | Reached XP level 6. HP: 38/38 MP: 6/6
  3415 | D:5      | Entered Level 5 of the Dungeon
  3421 | D:5      | Reached XP level 7. HP: 16/44 MP: 7/7
  3721 | D:5      | Reached skill level 5 in Maces & Flails
  3749 | D:5      | Reached skill level 1 in Evocations
  3953 | D:5      | Reached skill level 5 in Fighting
  4049 | D:5      | Reached skill level 5 in Armour
  4272 | D:5      | Reached skill level 5 in Shields
  4272 | D:5      | Reached XP level 8. HP: 44/49 MP: 7/9
  4439 | D:5      | Found a shadowy altar of Dithmenos.
  4821 | D:6      | Found Kienoitt's Armour Shop.
  4829 | D:6      | Bought a +1 shield of protection for 214 gold pieces
  5097 | D:6      | Found a snail-covered altar of Cheibriados.
  5155 | D:6      | Reached XP level 9. HP: 49/56 MP: 10/10
  5294 | D:7      | Found a staircase to the Ecumenical Temple.
  5294 | D:7      | Noticed Duvessa
  5294 | D:7      | Noticed Dowan
  5482 | D:7      | Killed Duvessa
  5511 | D:7      | Killed Dowan
  5531 | Temple   | Entered the Ecumenical Temple
  5786 | D:7      | Noticed a troll
  5797 | D:7      | Killed a troll
  6450 | D:8      | Reached XP level 10. HP: 64/64 MP: 12/12
  6475 | D:8      | Found a bloodstained altar of Trog.
  6695 | D:8      | Found Plog's Gadget Emporium.
  6772 | D:8      | Found a hazy altar of Hepliaklqana.
  6780 | D:8      | Found an iron altar of Okawaru.
  6782 | D:8      | Found a glowing golden altar of the Shining One.
  6835 | D:8      | Noticed Grum
  6867 | D:8      | Killed Grum
  7030 | D:8      | Found a shattered altar of Ashenzari.
  7258 | D:8      | Noticed Pikel
  7285 | D:8      | Killed Pikel
  7708 | D:9      | Found an ancient bone altar of Kikubaaqudgha.
  7984 | D:9      | Found a hide-covered altar of Uskayaw.
  7998 | D:9      | Identified a +0 rod of inaccuracy (13/13) (You found it on level 9 of the Dungeon)
  8159 | D:9      | Found a burning altar of Makhleb.
  8212 | D:9      | Became a worshipper of Makhleb the Destroyer
  8406 | D:10     | Entered Level 10 of the Dungeon
  8572 | D:10     | Killed an unseen horror
  8581 | D:10     | Reached XP level 11. HP: 59/71 MP: 14/14
  8643 | D:10     | Found a staircase to the Lair.
  8651 | D:10     | Reached * piety under Makhleb
  8734 | D:10     | Found Syluyphu's Book Emporium.
  9079 | D:11     | Noticed a catoblepas
  9092 | D:11     | Noticed a brown ugly thing
  9104 | D:11     | Killed a catoblepas
  9106 | D:11     | Splashed by a brown ugly thing's acid

Skill      XL: |  1  2  3  4  5  6  7  8  9 10 11 |
---------------+----------------------------------+-----
Maces & Flails | 3 4 5 6 7 8 9 |  9.2
Dodging        | 1 |  1.6
Shields        | 4 5 6 7 8 9 |  9.2
Fighting       | 4 5 6 7 9 |  9.6
Armour         | 4 5 6 7 8 9 |  9.3
Evocations     | 1 2 3 4 |  4.5

Action                   |  1- 3 |  4- 6 |  7- 9 | 10-12 || total
-------------------------+-------+-------+-------+-------++-------
Melee: Flail             |   105 |   193 |   266 |       ||   564
       Mace              |       |       |   102 |   448 ||   550
Evoke: Wand              |       |     2 |       |       ||     2
       Rod               |       |       |       |     2 ||     2
  Use: Scroll            |     6 |     8 |     4 |     3 ||    21
       Potion            |     1 |     5 |     2 |     4 ||    12
  Eat: Chunk             |       |     9 |    10 |    11 ||    30
Armor: Scale mail        |    42 |   100 |    41 |       ||   183
       Skin              |       |     1 |       |       ||     1
       Chain mail        |       |       |   180 |   205 ||   385
Dodge: Dodged            |    32 |    57 |   100 |    77 ||   266
Block: Shield            |    60 |    99 |   227 |   307 ||   693
